 Dungeon Crawl Stone Soup version 0.25.0-10-g039870ee82 (console) character file.

Game seed: 12746706435586762697

163 bli the Insei (level 5, -6/42 HPs)
             Began as a Demonspawn Monk on June 23, 2020.
             Mangled by a two-headed ogre
             ... wielding a +0 giant club
              (22 damage)
             ... on level 4 of the Dungeon.
             The game lasted 00:07:56 (3988 turns).

bli the Insei (Demonspawn Monk)                     Turns: 3988, Time: 00:07:57

Health: -6/42      AC:  3    Str: 12    XL:     5   Next: 20%
Magic:  5/5        EV: 19    Int: 11    God:
Gold:   132        SH:  0    Dex: 16    Spells: 4/4 levels left

rFire    . . .     SeeInvis .     - Unarmed
rCold    . . .     Gourm    .   (no shield)
rNeg     . . .     Faith    .   a - +0 robe
rPois    .         Spirit   .   (no helmet)
rElec    .         Reflect  .   (no cloak)
rCorr    .         Harm     .   n - -2 pair of gloves (curse)
MR       .....                  (no boots)
Stlth    ++........             (no amulet)
HPRegen  0.14/turn              (no ring)
MPRegen  0.09/turn              (no ring)

@: agile
A: icy blue scales 1, powered by pain 1
a: no special abilities


You were on level 4 of the Dungeon.
You were not hungry.

You visited 1 branch of the dungeon, and saw 4 of its levels.

You collected 132 gold pieces.

Inventory:

Hand Weapons
 r - a +1 falchion of holy wrath
Missiles
 m - 10 poisoned darts (quivered)
 u - 3 boomerangs
Armour
 a - a +0 robe (worn)
 n - a cursed -2 pair of gloves (worn)
 q - a +0 scale mail
 v - a cursed +0 chain mail
Scrolls
 c - a scroll of amnesia {unknown}
 e - 2 scrolls of noise {unknown}
 f - 2 scrolls of immolation {unknown}
 i - 2 scrolls of teleportation {unknown}
 l - 3 scrolls of enchant armour {unknown}
 o - 5 scrolls of identify {unknown}
 s - a scroll of fear {unknown}
Potions
 d - a potion of haste {unknown}
 g - a potion of cancellation {unknown}
 h - 2 potions of berserk rage {unknown}
 j - 4 potions of curing
 k - a potion of brilliance {unknown}
 p - a potion of might {unknown}
Comestibles
 b - 5 rations


   Skills:
 * Level 3.9 Fighting
 + Level 3.5 Dodging
 - Level 1.7 Stealth
 + Level 4.2 Unarmed Combat


You had 4 spell levels left.
You didn't know any spells.
Your spell library contained the following spells:

 Spells                   Type           Power        Failure   Level  Hunger
 Corona                   Hex            #......      34%         1    ##.....
 Ensorcelled Hibernation  Hex/Ice        #.....       47%         2    ###....
 Confusing Touch          Hex            #.......     71%         3    ####...
 Dazzling Flash           Conj/Hex       #.....       71%         3    ####...
 Tukima's Dance           Hex            #.......     71%         3    ####...


Dungeon Overview and Level Annotations

Branches:
Dungeon (4/15)
 Temple: D:4-7

Altars:
Nemelex Xobeh


Innate Abilities, Weirdness & Mutations

You are partially covered in icy blue scales. (AC +2)
You sometimes gain a little power by taking damage.


Message History

A two-headed ogre comes into view.
It is wielding a +0 giant club and a -1 dire flail.
Found a leather armour.
The helpless two-headed ogre fails to defend itself.
You hit the two-headed ogre but do no damage.
The two-headed ogre hits you with a +0 giant club!
You focus on the pain.
You feel agile all of a sudden. The two-headed ogre closely misses you.
You hit the two-headed ogre.
The two-headed ogre is lightly wounded.
The two-headed ogre completely misses you.
The two-headed ogre hits you with a cursed -1 dire flail!
You hit the two-headed ogre but do no damage.
The two-headed ogre is lightly wounded.
The two-headed ogre closely misses you. The two-headed ogre misses you.
You closely miss the two-headed ogre.
The two-headed ogre is lightly wounded.
The two-headed ogre hits you with a +0 giant club!!
Ouch! That really hurt!
You die...

.###..###....###
...............#
...........>...#
...............#
..............#
#...........#
#...........#
#......@....+ .
#..(####O..##
..##...####...#
...........#.....
...##......#.[...#
...##......#.....#
.............#.....+
.....##....###...###
.... #....#########
..... #.......(.....
.....##.............


You could see a two-headed ogre.

Vanquished Creatures
  Terence (D:2)
  Natasha (D:4)
  4 adders
  A worm (D:3)
  2 dart slugs (D:3)
  2 leopard geckos
  6 orcs (D:3)
  7 bats
  5 giant cockroaches
  9 goblins
  5 hobgoblins
  8 kobolds
  5 frilled lizards
  5 rats
61 creatures vanquished.

Notes
Turn   | Place    | Note
-------+----------+-------------------------------------------
     0 | D:1      | bli the Demonspawn Monk began the quest for the Orb.
     0 | D:1      | Reached XP level 1. HP: 18/18 MP: 1/1
   357 | D:1      | Reached skill level 3 in Unarmed Combat
   394 | D:1      | Gained mutation: You are partially covered in icy blue
                  | scales. (AC +2) [demonic ancestry]
   394 | D:1      | Reached XP level 2. HP: 24/24 MP: 2/2
  1209 | D:2      | Reached XP level 3. HP: 16/29 MP: 3/3
  1464 | D:2      | Found a sparkling altar of Nemelex Xobeh.
  2196 | D:2      | Noticed Terence
  2219 | D:2      | Killed Terence
  2219 | D:2      | Reached XP level 4. HP: 10/37 MP: 4/4
  2842 | D:3      | HP: 1/37 [orc/+0 war axe (3)]
  3159 | D:3      | Reached skill level 4 in Unarmed Combat
  3738 | D:3      | Gained mutation: You sometimes gain a little power by
                  | taking damage. [demonic ancestry]
  3738 | D:3      | Reached XP level 5. HP: 32/42 MP: 5/5
  3898 | D:4      | Noticed Natasha
  3909 | D:4      | Killed Natasha
  3981 | D:4      | Noticed a two-headed ogre
  3988 | D:4      | Mangled by a two-headed ogre

Illustrated notes

Levels and vault maps discovered:
D:1:      erik_arrival_blinker_ship, layout_basic
D:2:      layout_loops_corners, first_ration, nemelex_xobeh_ov_fountains_minmay,
          uniq_terence
D:3:      layout_rooms, hex_large, kennysheep_generic_room_14
D:4:      layout_gridville, kennysheep_mini, gup_sewer_entry_spiral,
          uniq_natasha

Skill      XL: |  1  2  3  4 |
---------------+-------------+-----
Unarmed Combat | 3 4 |  4.2
Dodging        | 3 |  3.5
Fighting       | |  3.9
Stealth        | |  1.7

Action                   |  1- 3 |  4- 6 || total
-------------------------+-------+-------++-------
Melee: Unarmed           |   152 |   135 ||   287
       Punch             |     3 |     2 ||     5
Throw: Dart              |       |     6 ||     6
  Use: Potion            |     1 |       ||     1
 Stab: Sleeping          |     4 |     3 ||     7
  Eat: Chunk             |     4 |     6 ||    10
Armor: Robe              |    27 |    38 ||    65
Dodge: Dodged            |    98 |   102 ||   200
